 Dungeon Crawl Stone Soup version 0.31-a0-845-g9abc20d24f (webtiles) character file.

Game seed: 5182331209993451006

185 randomguy2701 the Covered (level 5, -8/37 HPs)
             Began as a Gnoll Wanderer on Oct 1, 2023.
             Killed by nerve-wracking pain
             ... invoked by Grinder
              (10 damage)
             ... on level 3 of the Dungeon on Oct 2, 2023.
             The game lasted 00:03:37 (2543 turns).

randomguy2701 the Covered (Gnoll Wanderer)          Turns: 2543, Time: 00:03:38

Health: -8/37      AC: 11    Str: 14    XL:     5   Next: 64%
Magic:  12/12      EV: 10    Int:  8    God:
Gold:   85         SH:  0    Dex: 14    Spells: 14/14 levels left

rFire   . . .        a - +0 sling
rCold   . . .        (no shield)
rNeg    . . .        b - +2 scale mail
rPois   .            (no helmet)
rElec   .            (no cloak)
rCorr   .            l - +0 pair of gloves
SInv    .            (no boots)
Will    .....        (no amulet)
Stlth   +            (no ring)
HPRegen 0.26/turn    (no ring)
MPRegen 0.13/turn

%: no passive effects
@: no status effects
A: fangs 1, strong nose, distributed training
a: no special abilities


You were on level 3 of the Dungeon.
You visited 1 branch of the dungeon, and saw 3 of its levels.

You collected 85 gold pieces.

Inventory:

Hand Weapons
 a - a +0 sling (weapon)
Armour
 b - a +2 scale mail (worn)
 l - a +0 pair of gloves (worn)
Scrolls
 g - 3 scrolls of vulnerability {unknown}
 i - 2 scrolls of identify {unknown}
 k - a scroll of revelation {unknown}
 p - a scroll of enchant weapon {unknown}
 q - a scroll of enchant armour {unknown}
 r - a scroll of fog {unknown}
 s - a scroll of acquirement {unknown}
Potions
 c - a potion of attraction {unknown}
 d - a potion of berserk rage
 e - 2 potions of heal wounds {unknown}
 f - a potion of cancellation {unknown}
 h - 2 potions of invisibility {unknown}
 j - 3 potions of curing {unknown}
 m - a potion of brilliance {unknown}
 n - 6 potions of mutation {unknown}
 o - 2 potions of might {unknown}


   Skills:
 + Level 1.6 Fighting
 + Level 1.6 Short Blades
 + Level 1.6 Long Blades
 + Level 1.6 Axes
 + Level 1.6 Maces & Flails
 + Level 1.6 Polearms
 + Level 1.6 Staves
 + Level 3.0 Ranged Weapons
 + Level 1.6 Throwing
 + Level 6.7 Armour
 + Level 3.0 Dodging
 + Level 2.8 Stealth
 + Level 1.6 Shields
 + Level 1.6 Unarmed Combat
 + Level 5.2 Spellcasting
 + Level 1.3 Conjurations
 + Level 1.3 Hexes
 + Level 1.3 Summonings
 + Level 1.3 Necromancy
 + Level 1.3 Translocations
 + Level 1.3 Transmutations
 + Level 1.3 Fire Magic
 + Level 1.3 Ice Magic
 + Level 1.3 Air Magic
 + Level 1.3 Earth Magic
 + Level 1.3 Poison Magic
 + Level 1.8 Invocations
 + Level 4.8 Evocations
 + Level 1.4 Shapeshifting


You had 14 spell levels left.
You didn't know any spells.
Your spell library contained the following spells:

 Spells                   Type           Power      Damage    Failure   Level
 Shock                    Conj/Air       16%        1d4       50%         1
 Lesser Beckoning         Tloc           8%         N/A       63%         2
 Gell's Gravitas          Tloc           4%         N/A       86%         3
 Swiftness                Air            4%         N/A       86%         3
 Teleport Other           Tloc           4%         N/A       86%         3
 Volatile Blastmotes      Fire/Tloc      8%         2d10      86%         3
 Airstrike                Air            2%         2d(1-17)  99%         4
 Fulminant Prism          Conj/Hex       2%         3d5       99%         4
 Iskenderun's Mystic Bla  Conj/Tloc      4%         2d3       99%         4


Dungeon Overview and Level Annotations

Branches:
Dungeon (3/15)

Altars:

Annotations:
D:1 Terence
D:3 Grinder


Innate Abilities, Weirdness & Mutations

You have very sharp teeth.
Your uncanny sense of smell can sniff out nearby items.
Your experience applies equally to all skills.


Message History

Grinder says, "I used to sell toenails on the black market."
Grinder hits you but does no damage. x2
Fire: a) +0 sling
Press: ? - help, Shift-Dir - straight line, f/p - Grinder
Aim: Grinder (heavily wounded, 52% to hit)
You shoot a sling bullet. The sling bullet hits Grinder.
Grinder is heavily wounded.
Grinder hits you but does no damage.
Fire: a) +0 sling
Press: ? - help, Shift-Dir - straight line, f/p - Grinder
Aim: Grinder (heavily wounded, 52% to hit)
You shoot a sling bullet. The sling bullet barely misses Grinder.
Grinder gestures at you.
You suddenly lose the ability to move!
Grinder gestures at you.
You shrug off the repeated paralysis!
Grinder hits you but does no damage. Grinder hits you.
You writhe in agony.
Grinder hits you but does no damage. Grinder gestures at you.
You shrug off the repeated paralysis!
You can move again.
Fire: a) +0 sling
Press: ? - help, Shift-Dir - straight line, f/p - Grinder
Aim: Grinder (heavily wounded, 52% to hit)
You shoot a sling bullet.
The sling bullet hits Grinder but does no damage.
Grinder is heavily wounded.
Grinder says, "FISH!"
Grinder gestures at you. Pain shoots through your body!
* * * LOW HITPOINT WARNING * * *
Fire: a) +0 sling
Press: ? - help, Shift-Dir - straight line, f/p - Grinder
Aim: Grinder (heavily wounded, 52% to hit)
You shoot a sling bullet. The sling bullet barely misses Grinder.
Grinder gestures at you. Pain shoots through your body!
You die...
Grinder says, "Now the real fun starts!"

#.# #.. #.# #.
#.# #.##
#.######## #...
#......... #...
#......(.. #...
#.@5...... ##...
#.######## #....
#.# ###### #....
#.# #....# #....
##.#####....#
#....
#.......>...#
#....
########..###
#.... #...##
#....
####+#..########


You could see Grinder.

Vanquished Creatures
  A scorpion (D:3)
  5 adders
  A worm (D:2)
  3 dart slugs
  7 ball pythons
  10 endoplasms
  3 giant cockroaches
  11 goblins
  7 hobgoblins
  A jackal (D:2)
  4 quokkas
  4 bats (D:1)
  A frilled lizard (D:2)
  4 kobolds
  2 rats (D:1)
64 creatures vanquished.

Notes
Turn   | Place    | Note
-------+----------+-------------------------------------------
     0 | D:1      | randomguy2701 the Gnoll Wanderer began the quest for the
                  | Orb.
     0 | D:1      | randomguy2701 set off with the following items: a +0 sling,
                  | a +2 scale mail, a wand of flame (3), a potion of berserk
                  | rage.
     0 | D:1      | Reached XP level 1. HP: 13/13 MP: 6/6
   103 | D:1      | Reached XP level 2. HP: 19/19 MP: 7/7
   290 | D:1      | Reached XP level 3. HP: 25/25 MP: 9/9
   313 | D:1      | Reached skill level 5 in Spellcasting
   654 | D:2      | Reached skill level 1 in Invocations
   678 | D:2      | Noticed Terence
   840 | D:2      | Reached skill level 1 in Fighting
   840 | D:2      | Reached skill level 1 in Short Blades
   840 | D:2      | Reached skill level 1 in Long Blades
   840 | D:2      | Reached skill level 1 in Axes
   840 | D:2      | Reached skill level 1 in Maces & Flails
   840 | D:2      | Reached skill level 1 in Polearms
   840 | D:2      | Reached skill level 1 in Staves
   840 | D:2      | Reached skill level 1 in Throwing
   840 | D:2      | Reached skill level 1 in Shields
   840 | D:2      | Reached skill level 1 in Unarmed Combat
  1033 | D:2      | Reached XP level 4. HP: 29/32 MP: 11/11
  1035 | D:2      | Reached skill level 1 in Shapeshifting
  1698 | D:3      | Reached skill level 1 in Conjurations
  1698 | D:3      | Reached skill level 1 in Hexes
  1698 | D:3      | Reached skill level 1 in Summonings
  1698 | D:3      | Reached skill level 1 in Necromancy
  1698 | D:3      | Reached skill level 1 in Translocations
  1698 | D:3      | Reached skill level 1 in Transmutations
  1698 | D:3      | Reached skill level 1 in Fire Magic
  1698 | D:3      | Reached skill level 1 in Ice Magic
  1698 | D:3      | Reached skill level 1 in Air Magic
  1698 | D:3      | Reached skill level 1 in Earth Magic
  1698 | D:3      | Reached skill level 1 in Poison Magic
  2068 | D:3      | Noticed a scorpion
  2088 | D:3      | Killed a scorpion
  2089 | D:3      | Reached XP level 5. HP: 14/37 MP: 12/12
  2512 | D:3      | Noticed Grinder
  2516 | D:3      | Paralysed by Grinder for 4 turns
  2522 | D:3      | Paralysed by Grinder for 4 turns
  2537 | D:3      | Paralysed by Grinder for 5 turns
  2543 | D:3      | Killed from afar by Grinder

Illustrated notes

Levels and vault maps discovered:
D:1:      spicycebolla_green_bress_n_ham, layout_basic
D:2:      layout_basic, grunt_ministairs_5, st_stairs_7, uniq_terence
D:3:      layout_basic, minmay_ruptured, uniq_grinder

Skill      XL: |  1  2  3  4 |
---------------+-------------+-----
Spellcasting   | 5 |  5.2
Invocations    | 1 |  1.8
Fighting       | 1 |  1.6
Short Blades   | 1 |  1.6
Long Blades    | 1 |  1.6
Axes           | 1 |  1.6
Maces & Flails | 1 |  1.6
Polearms       | 1 |  1.6
Staves         | 1 |  1.6
Throwing       | 1 |  1.6
Shields        | 1 |  1.6
Unarmed Combat | 1 |  1.6
Shapeshifting  | 1 |  1.4
Conjurations   | 1 |  1.3
Hexes          | 1 |  1.3
Summonings     | 1 |  1.3
Necromancy     | 1 |  1.3
Translocations | 1 |  1.3
Transmutations | 1 |  1.3
Fire Magic     | 1 |  1.3
Ice Magic      | 1 |  1.3
Air Magic      | 1 |  1.3
Earth Magic    | 1 |  1.3
Poison Magic   | 1 |  1.3
Ranged Weapons | 3 |  3.0
Dodging        | 3 |  3.0
Armour         | |  6.7
Stealth        | |  2.8
Evocations     | |  4.8

Action                     |  1- 3 |  4- 6 || total
---------------------------+-------+-------++-------
   Fire: Sling             |   185 |   152 ||   337
  Evoke: Wand              |     3 |       ||     3
 Armour: Scale mail        |   105 |   110 ||   215
  Dodge: Dodged            |    87 |    58 ||   145

Table legend: (Time is in decaauts)
 A = Elapsed time spent in this place.
 B = Non-inter-level travel time spent in this place.
 C = Inter-level travel time spent in this place.
 D = Time resting spent in this place.
 E = Time spent auto-exploring this place.
 F = Levels seen in this place.
 G = Mean time per level.
                   A        B        C        D        E       F      G
               +--------+--------+--------+--------+--------+-----+--------+
         Total |   2702 |   2592 |    110 |      0 |   1887 |   3 |  900.7 |
       Dungeon |   2702 |   2592 |    110 |      0 |   1887 |   3 |  900.7 |
               +--------+--------+--------+--------+--------+-----+--------+

Top non-repeatable levels by time:
     D:2: 970 daAuts
     D:3: 957 daAuts
     D:1: 775 daAuts
